 Dungeon Crawl Stone Soup version 0.28-b1-25-g9875b3fc8c (webtiles) character file.

Game seed: 13972600033482487531

4 sanka the Vexing (level 1, -1/18 HPs)
             Began as a Deep Dwarf Arcane Marksman on Feb 4, 2022.
             Slain by a gnoll (6 damage)
             ... on level 1 of the Dungeon.
             The game lasted 00:00:19 (128 turns).

sanka the Vexing (Deep Dwarf Arcane Marksman)        Turns: 128, Time: 00:00:19

Health: -1/18      AC:  2    Str: 13    XL:     1   Next: 58%
Magic:  2/2        EV: 12    Int: 13    God:
Gold:   17         SH:  0    Dex: 13    Spells: 1/2 levels left

rFire   . . .      SeeInvis .   a - +0 hand crossbow
rCold   . . .      Faith    .   (no shield)
rNeg    . . .      Spirit   .   d - +0 robe
rPois   .          Reflect  .   (no helmet)
rElec   .          Harm     .   (no cloak)
rCorr   .          Rampage  .   (no gloves)
Will    .....                   (no boots)
Stlth   +.........              (no amulet)
HPRegen 0.00/turn               (no ring)
MPRegen 0.08/turn               (no ring)

@: no status effects
A: damage resistance, heal wounds, sense surroundings 1, no regeneration
a: Heal Wounds


You were on level 1 of the Dungeon.
You visited 1 branch of the dungeon, and saw 1 of its levels.

You collected 17 gold pieces.

Inventory:

Hand Weapons
 a - a +0 hand crossbow (weapon)
Missiles
 c - 12 bolts (quivered ammo)
Armour
 d - a +0 robe (worn)


   Skills:
 + Level 1.0 Fighting
 + Level 2.3 Crossbows
 + Level 2.3 Dodging
 + Level 1.0 Spellcasting
 + Level 2.4 Hexes


You had one spell level left.
You knew the following spells:

 Your Spells              Type           Power      Damage    Failure   Level
a - Slow                  Hex            28%        N/A       10%         1

Your spell library contained the following spells:

 Spells                   Type           Power      Damage    Failure   Level
 Inner Flame              Hex/Fire       3%         N/A       45%         3
 Portal Projectile        Hex/Tloc       6%         N/A       45%         3
 Cause Fear               Hex            3%         N/A       69%         4


Dungeon Overview and Level Annotations

Branches:
Dungeon (1/15)

Altars:


Innate Abilities, Weirdness & Mutations

You are resistant to damage.
You can heal yourself by infusing magical energy.
You passively map a small area around you.
You do not regenerate.


Message History

You shoot a bolt. The bolt hits the giant cockroach.
The giant cockroach is almost dead.
The giant cockroach bites you.
The giant cockroach bites you but does no damage.
You shoot a bolt.
The bolt completely misses the giant cockroach.
The giant cockroach bites you but does no damage.
The giant cockroach bites you.
You shoot a bolt.
The bolt hits the giant cockroach but does no damage.
The giant cockroach is almost dead.
The giant cockroach misses you. The giant cockroach bites you.
You shoot a bolt.
The bolt closely misses the giant cockroach.
The giant cockroach barely misses you.
You shoot a bolt. The bolt hits the giant cockroach.
You kill the giant cockroach!
c - 13 bolts (gained 3)
c - 14 bolts (gained 1)
c - 18 bolts (gained 4)
A gnoll comes into view. It is wielding a +0 club.
The gnoll shouts!
You shoot a bolt. The bolt closely misses the gnoll.
You shoot a bolt.
The bolt hits the gnoll but does no damage.
You shoot a bolt. The bolt closely misses the gnoll.
You shoot a bolt. The bolt closely misses the gnoll.
The gnoll hits you with a +0 club.
You shoot a bolt. The bolt closely misses the gnoll.
The gnoll hits you with a +0 club.
You are too injured to fight recklessly!
You are too injured to fight recklessly!
Fire: 13 bolts
Press: ? - help, Q - select action, (/) - cycle Shift-Dir - straight line, f/p - gnoll
Aim: a gnoll, wielding a +0 club (65% to hit)
You shoot a bolt. The bolt barely misses the gnoll.
The gnoll hits you with a +0 club.
* * * LOW HITPOINT WARNING * * *
You fail to use your ability.
The gnoll hits you with a +0 club!
You die...

, ..#^ ,
####.#, , *
...#.#, , *
* , ##.#.# *
, .#.#.#, *
* * ,, * *
.#...# ,,* *
, .#.#.# * ,
* ** ##.#.#
####.#####*,
...#.#
(.(...g@.#*
* ####.#
####..##.# *
.....#
##.##.#
######
#.##.#*,*
......,
#.##.# ,
###.## *
#.##.# *
#...##
##.##.#
##....#
#.....#
......#
#..####


You could see a gnoll.

Vanquished Creatures
  A giant cockroach (D:1)
  A goblin (D:1)
  A quokka (D:1)
  A frilled lizard (D:1)
4 creatures vanquished.

Notes
Turn   | Place    | Note
-------+----------+-------------------------------------------
     0 | D:1      | sanka the Deep Dwarf Arcane Marksman began the quest for
                  | the Orb.
     0 | D:1      | Reached XP level 1. HP: 16/16 MP: 2/2
    65 | D:1      | Reached skill level 1 in Fighting
   128 | D:1      | Slain by a gnoll

Illustrated notes

Levels and vault maps discovered:
D:1:      matt_arrival_refuge, layout_loops_ring

Skill      XL: |  1 |
---------------+----+-----
Fighting       | 1 |  1.0
Crossbows      | |  2.3
Dodging        | |  2.3
Spellcasting   | |  1.0
Hexes          | |  2.4

Action                   || total
-------------------------++-------
 Fire: Hand crossbow     ||    19
Armor: Robe              ||     3
Dodge: Dodged            ||     3
